 Dungeon Crawl Stone Soup version 0.28-a0-1038-g9c4cb8273d (webtiles) character file.

Game seed: 11384233852992848893

104 tilp the Chiller (level 4, -3/18 HPs)
             Began as a Felid Ice Elementalist on Dec 8, 2021.
             Shot with an arrow by a centaur (7 damage)
             ... on level 3 of the Dungeon.
             The game lasted 00:03:41 (3215 turns).

tilp the Chiller (Felid Ice Elementalist)           Turns: 3215, Time: 00:03:42

Health: -3/18      AC:  1    Str:  4    XL:     4   Next: 52%
Magic:  9/9        EV: 17    Int: 18    God:
Gold:   92         SH:  0    Dex: 16    Spells: 5/9 levels left
                                        Lives:  0   Deaths: 1

rFire   . . .      SeeInvis +     - Unarmed
rCold   . . .      Faith    .   (shield unavailable)
rNeg    . . .      Spirit   .   (armour unavailable)
rPois   .          Reflect  .   (helmet unavailable)
rElec   .          Harm     .   (cloak unavailable)
rCorr   .          Rampage  .   (gloves unavailable)
Will    .....                   (boots unavailable)
Stlth   ++........              a - amulet of magic regeneration
HPRegen 0.06/turn               (no ring)
MPRegen 0.51/turn               (no ring)

@: quick
A: very small, claws 1, fangs 3, see invisible, speed 1, shaggy fur 1, stealthy
paws, no weapons or thrown items, no armour, multi-lived
a: no special abilities


You were on level 3 of the Dungeon.
You visited 1 branch of the dungeon, and saw 3 of its levels.

You collected 92 gold pieces.

Inventory:

Jewellery
 a - an amulet of magic regeneration (around neck)
Scrolls
 e - 4 scrolls of identify
 f - 2 scrolls of fog {unknown}
Potions
 b - 2 potions of heal wounds {unknown}
 c - 3 potions of curing
 d - a potion of cancellation {unknown}
 g - a potion of degeneration {unknown}


   Skills:
 - Level 2.6 Dodging
 - Level 2.6 Stealth
 - Level 2.0 Unarmed Combat
 + Level 3.1 Spellcasting
 * Level 5.0 Ice Magic


You had 5 spell levels left.
You knew the following spells:

 Your Spells              Type           Power      Damage    Failure   Level
a - Freeze                Ice            84%        1d10      1%          1
b - Frozen Ramparts       Ice            42%        1d6       6%          3

Your spell library contained the following spells:

 Spells                   Type           Power      Damage    Failure   Level
 Ozocubu's Armour         Ice            21%        N/A       6%          3
 Passwall                 Tmut/Erth      1%         N/A       24%         2
 Swiftness                Air            2%         N/A       43%         3
 Hailstorm                Conj/Ice       11%        3d5       50%         4


Dungeon Overview and Level Annotations

Branches:
Dungeon (3/15)

Altars:
Lugonu

Portals:
Abyss: D:3

Annotations:
D:2 exclusions: kobold, 3 orcs and orc priest
D:3 2 runed translucent doors


Innate Abilities, Weirdness & Mutations

You have sharp claws.
You have razor-sharp teeth.
You have supernaturally acute eyesight. (SInv)
You cover ground quickly. (Speed+)
You are covered in fur. (AC +1)
Your paws help you pounce on unaware monsters.
You are incapable of wielding weapons or throwing items.
You cannot wear armour.
You gain extra lives every three experience levels.


Message History

Press: ? - help, Shift-Dir - straight line, f/p - adder
Aim: an adder (almost dead, slow)
You freeze the adder.
You kill the adder!
You feel sick.
The wall freezes the gnoll.
The gnoll misses you.
Your Ice Magic skill increases to level 5!
Your frozen ramparts will break if you move.
Continue?
Okay, then.
You feel sick.
The wall freezes the gnoll.
You kill the gnoll!
Unknown command.
You start resting.
You feel sick. x2
The frozen ramparts melt away.
You feel sick.
You are no longer poisoned.
You start resting.
Your magical contamination has completely faded away.
You start resting.
Magic restored.
You start resting.
You start resting.
HP restored.
You start waiting.
Found 6 silver boomerangs.
Things that are here:
a +0 halberd; a +0 spear
Things that are here:
a +0 spear; a gnoll skeleton You open the large door.
There is a large open door here.
Found 17 poisoned darts.
A centaur is nearby!
A centaur is nearby!
A centaur is nearby!
A centaur is nearby!
The centaur shouts!
The centaur shoots an arrow.
The arrow hits you!
Ouch! That really hurt!
* * * LOW HITPOINT WARNING * * *
The centaur shoots an arrow.
The arrow hits you!
You die...

#. ##......... ....#
#. #......... .... ..
#########'# ...# ##
#....†....#
.(########.#########
..c.#........#
#.#.#........#
#.#.#........#
#.#@######.###
#.#.######.#########
#...................
###.#...#...#.###...
#.###.#...#...#...#...
#.........#...###.#...
#......####...# #.#...
#......# #...###''...
#......# ###.........


You could see a centaur.

Vanquished Creatures
  2 orc wizards
  3 gnolls (D:3)
  3 adders
  3 dart slugs (D:1)
  5 orcs
  4 ball pythons
  5 bats
  An endoplasm (D:3)
  A giant cockroach (D:1)
  A goblin (D:1)
  A hobgoblin (D:1)
  11 jackals
  2 quokkas
  6 frilled lizards
  4 kobolds
  2 rats (D:3)
54 creatures vanquished.

Notes
Turn   | Place    | Note
-------+----------+-------------------------------------------
     0 | D:1      | tilp the Felid Ice Elementalist began the quest for the
                  | Orb.
     0 | D:1      | Reached XP level 1. HP: 7/7 MP: 4/4
    59 | D:1      | Reached skill level 1 in Unarmed Combat
   123 | D:1      | Found a faded altar of an unknown god.
   325 | D:1      | Reached XP level 2. HP: 9/11 MP: 6/6
   931 | D:1      | Reached XP level 3. HP: 8/14 MP: 4/7
  1226 | D:1      | Learned a level 3 spell: Frozen Ramparts
  1257 | D:1      | Reached skill level 4 in Ice Magic
  1807 | D:2      | Reached XP level 4. HP: 18/18 MP: 3/8
  2378 | D:3      | Found a one-way gate to the infinite horrors of the Abyss.
  2489 | D:3      | Found a large runed translucent door.
  2490 | D:3      | Found a large runed translucent door.
  2491 | D:3      | Found a corrupted altar of Lugonu.
  2801 | D:3      | Noticed a centaur
  2803 | D:3      | Shot with an arrow by a centaur
  2804 | D:3      | Reached XP level 3. HP: 0/14 MP: 6/8
  2819 | D:3      | Reached XP level 4. HP: 9/18 MP: 5/9
  2823 | D:3      | Reached skill level 5 in Ice Magic
  3215 | D:3      | Shot with an arrow by a centaur

Illustrated notes

Levels and vault maps discovered:
D:1:      kilobyte_arrival_exit_the_forest, layout_loops_ring,
          ebering_ecumenical_altar_rust
D:2:      layout_loops_cross
D:3:      due_chaos_kobolds, layout_basic

Skill      XL: |  1  2  3  4 |
---------------+-------------+-----
Unarmed Combat | 1 2 |  2.0
Ice Magic      | 4 5 |  5.0
Spellcasting   | 3 |  3.1
Dodging        | |  2.6
Stealth        | |  2.6

Action                   |  1- 3 |  4- 6 || total
-------------------------+-------+-------++-------
Melee: Unarmed           |    23 |     6 ||    29
       Bite              |     1 |       ||     1
 Cast: Freeze            |    32 |    22 ||    54
       Frozen Ramparts   |     4 |     5 ||     9
  Use: Scroll            |     2 |     3 ||     5
       Potion            |       |     1 ||     1
 Stab: Sleeping          |     5 |     3 ||     8
Armor: Skin              |     6 |       ||     6
Dodge: Dodged            |    38 |    14 ||    52

Table legend: (Time is in decaauts)
 A = Elapsed time spent in this place.
 B = Non-inter-level travel time spent in this place.
 C = Inter-level travel time spent in this place.
 D = Time resting spent in this place.
 E = Time spent auto-exploring this place.
 F = Levels seen in this place.
 G = Mean time per level.
                   A        B        C        D        E       F      G
               +--------+--------+--------+--------+--------+-----+--------+
         Total |   2885 |   2802 |     83 |    601 |   1868 |   3 |  961.7 |
       Dungeon |   2885 |   2802 |     83 |    601 |   1868 |   3 |  961.7 |
               +--------+--------+--------+--------+--------+-----+--------+

Top non-repeatable levels by time:
     D:1: 1608 daAuts
     D:3: 809 daAuts
     D:2: 467 daAuts
